BSA
MADISON BOMBERS @ GREENVILLE 84S
07/01/2026
 
TOP OF THE 1ST
Madison Bombers batting - Pitching for Greenville 84s : RHP Jing-xiang Fa
Pitching: RHP Jing-xiang Fa
Batting: LHB Robin Hill 0-0: Called Strike
0-1: Called Strike
0-2: Fly out, F7 (Line Drive, 7M)
Batting: RHB Alonso Holguín 0-0: Foul Ball, location: 2F
0-1: Ball
1-1: Called Strike
1-2: Fly out, F9 (Flyball, 9M)
Batting: LHB Seung-chun Mun 0-0: Called Strike
0-1: Foul Ball, location: 2F
0-2: Fly out, F6 (Popup, 6D)
Top of the 1st over - 0 run(s), 0 hit(s), 0 error(s), 0 left on base; Madison 0 - Greenville 0
BOTTOM OF THE 1ST
Greenville 84s batting - Pitching for Madison Bombers : RHP Claudio Segura
Pitching: RHP Claudio Segura
Batting: RHB Carlos Torres 0-0: Bunt missed!
0-1: Called Strike
0-2: Ball
1-2: Foul Ball, location: 2F
1-2: Ball
2-2: Ground out 5-3 (Groundball, 15S)
Batting: LHB Chris Moore 0-0: Called Strike
0-1: Ground out 6-3 (Groundball, 6)
Batting: RHB Enzo Díaz 0-0: Ball
1-0: DOUBLE (Groundball, 5L)
Batting: LHB Brock Larsen 0-0: Called Strike
0-1: Reached on error, E4 (Groundball, 4)
Enzo Díaz to third
Batting: LHB Jimmy Vickers 0-0: Ball
1-0: Called Strike
1-1: Ball
2-1: Foul Ball, location: 2F
2-2: Ground out 5-3 (Groundball, 5)
Bottom of the 1st over - 0 run(s), 1 hit(s), 1 error(s), 2 left on base; Madison 0 - Greenville 0
TOP OF THE 2ND
Madison Bombers batting - Pitching for Greenville 84s : RHP Jing-xiang Fa
Batting: RHB Vicente Aguirre 0-0: Ball
1-0: DOUBLE (Flyball, 9D)
Batting: LHB Mike Callahan 0-0: Ball
1-0: Swinging Strike
1-1: Ball
2-1: DOUBLE (Line Drive, 7LM)
Vicente Aguirre scores
Batting: RHB Sergio Márquez 0-0: Fly out, F3 (Popup, 3F)
Batting: RHB Quinton Martínez 0-0: TRIPLE (Flyball, 89M)
Mike Callahan scores
Batting: RHB Guo-xiu Choi 0-0: Fly out, F3 (Popup, 3SF)
Batting: SHB Dave MacThomas 0-0: Ball
1-0: Ball
2-0: Foul Ball, location: 2F
2-1: Foul Ball, location: 2F
2-2: Foul Ball, location: 2F
2-2: Ground out 4-3 (Groundball, 34)
Top of the 2nd over - 2 run(s), 3 hit(s), 0 error(s), 1 left on base; Madison 2 - Greenville 0
BOTTOM OF THE 2ND
Greenville 84s batting - Pitching for Madison Bombers : RHP Claudio Segura
Batting: LHB Kiyonaga Morita 0-0: Swinging Strike
0-1: Ball
1-1: Ball
2-1: Foul Ball, location: 2F
2-2: Ball
3-2: Ground out 6-3 (Groundball, 6M)
Batting: LHB José Costa 0-0: Swinging Strike
0-1: Ball
1-1: Fly out, F5 (Popup, 5L)
Batting: RHB Vic Langlois 0-0: Fly out, F7 (Flyball, 78M)
Bottom of the 2nd over - 0 run(s), 0 hit(s), 0 error(s), 0 left on base; Madison 2 - Greenville 0
TOP OF THE 3RD
Madison Bombers batting - Pitching for Greenville 84s : RHP Jing-xiang Fa
Batting: LHB Robin Hill 0-0: Ball
1-0: Ball
2-0: Ball
3-0: Called Strike
3-1: Swinging Strike
3-2: Base on Balls
Batting: RHB Alonso Holguín 0-0: Called Strike
Robin Hill steals 2nd base
0-1: SINGLE (Groundball, 25) (infield hit)
Robin Hill to third
Batting: LHB Seung-chun Mun 0-0: Ball
1-0: Ball
2-0: DOUBLE (Flyball, 78D)
Robin Hill scores
Alonso Holguín to third
Batting: RHB Vicente Aguirre 0-0: Ground out 5-3 (Groundball, 5L)
Batting: LHB Mike Callahan 0-0: Ball
1-0: Called Strike
1-1: Ball
2-1: Fly out, F7 (Flyball, 7D)
Runner from 3rd tags up, SCORES, no throw
Batting: RHB Sergio Márquez 0-0: Ball
1-0: Ball
2-0: Ball
3-0: Called Strike
3-1: Called Strike
3-2: Strikes out swinging
Top of the 3rd over - 2 run(s), 2 hit(s), 0 error(s), 1 left on base; Madison 4 - Greenville 0
BOTTOM OF THE 3RD
Greenville 84s batting - Pitching for Madison Bombers : RHP Claudio Segura
Batting: RHB Sugita Ito 0-0: Foul Ball, location: 2F
0-1: Ball
1-1: Fly out, F8 (Flyball, 8RD)
Batting: RHB Carlos Torres 0-0: Ball
1-0: Called Strike
1-1: Foul Ball, location: 2F
1-2: Ball
2-2: Ball
3-2: Foul Ball, location: 2F
3-2: SINGLE (Flyball, 9LS)
Batting: LHB Chris Moore 0-0: Fly out, F2 (Popup, 2LF)
Batting: RHB Enzo Díaz 0-0: Called Strike
Carlos Torres steals 2nd base
0-1: Swinging Strike
0-2: Ground out 5-3 (Groundball, 5S)
Bottom of the 3rd over - 0 run(s), 1 hit(s), 0 error(s), 1 left on base; Madison 4 - Greenville 0
TOP OF THE 4TH
Madison Bombers batting - Pitching for Greenville 84s : RHP Jing-xiang Fa
Batting: RHB Quinton Martínez 0-0: SINGLE (Groundball, 6MD)
Batting: RHB Guo-xiu Choi 0-0: Ball
1-0: Foul Ball, location: 2F
1-1: Swinging Strike
1-2: Ball
2-2: Strikes out looking
Batting: SHB Dave MacThomas 0-0: Called Strike
0-1: Ball
1-1: Ball
2-1: Swinging Strike
2-2: Foul Ball, location: 2F
2-2: Ball
3-2: Ground out 4-3 (Groundball, 4M)
Quinton Martínez to second
Batting: LHB Robin Hill 0-0: Ball
1-0: Foul Ball, location: 2F
1-1: Ball
2-1: Ball
3-1: Foul Ball, location: 2F
3-2: Foul Ball, location: 2F
3-2: Base on Balls
Batting: RHB Alonso Holguín 0-0: Ball
1-0: Foul Ball, location: 2F
1-1: Ball
2-1: Swinging Strike
2-2: Ball
3-2: Fly out, F8 (Flyball, 8RM)
Top of the 4th over - 0 run(s), 1 hit(s), 0 error(s), 2 left on base; Madison 4 - Greenville 0
BOTTOM OF THE 4TH
Greenville 84s batting - Pitching for Madison Bombers : RHP Claudio Segura
Batting: LHB Brock Larsen 0-0: Foul Ball, location: 2F
0-1: SINGLE (Groundball, 34D)
Batting: LHB Jimmy Vickers 0-0: Ball
1-0: Called Strike
1-1: Grounds into double play, 5-4-3 (Groundball, 56)
Batting: LHB Kiyonaga Morita 0-0: Called Strike
0-1: Ball
1-1: Ball
2-1: Called Strike
2-2: Strikes out swinging
Bottom of the 4th over - 0 run(s), 1 hit(s), 0 error(s), 0 left on base; Madison 4 - Greenville 0
TOP OF THE 5TH
Madison Bombers batting - Pitching for Greenville 84s : RHP Jing-xiang Fa
Batting: LHB Seung-chun Mun 0-0: Swinging Strike
0-1: Swinging Strike
0-2: Ball
1-2: Ground out 4-3 (Groundball, 34)
Batting: RHB Vicente Aguirre 0-0: Called Strike
0-1: Ground out 4-3 (Groundball, 4)
Batting: LHB Mike Callahan 0-0: Ball
1-0: Foul Ball, location: 2F
1-1: Ball
2-1: Foul Ball, location: 2F
2-2: Strikes out swinging
Top of the 5th over - 0 run(s), 0 hit(s), 0 error(s), 0 left on base; Madison 4 - Greenville 0
BOTTOM OF THE 5TH
Greenville 84s batting - Pitching for Madison Bombers : RHP Claudio Segura
Batting: LHB José Costa 0-0: Ball
1-0: Called Strike
1-1: Ball
2-1: Ball
3-1: Ground out U3 (Groundball, 3S)
Batting: RHB Vic Langlois 0-0: SOLO HOME RUN (Flyball, 78XD), Distance : 382 ft
Batting: RHB Sugita Ito 0-0: Ball
1-0: Swinging Strike
1-1: Ball
2-1: Called Strike
2-2: Foul Ball, location: 2F
2-2: Foul Ball, location: 2F
2-2: SOLO HOME RUN (Flyball, 8LXD), Distance : 489 ft
Batting: RHB Carlos Torres 0-0: Swinging Strike
0-1: Called Strike
0-2: Ball
1-2: Strikes out swinging
Batting: LHB Chris Moore 0-0: Ball
1-0: Foul Ball, location: 2F
1-1: Swinging Strike
1-2: Foul Ball, location: 2F
1-2: SOLO HOME RUN (Flyball, 9D), Distance : 360 ft
Batting: RHB Enzo Díaz 0-0: Ground out 6-3 (Groundball, 6)
Bottom of the 5th over - 3 run(s), 3 hit(s), 0 error(s), 0 left on base; Madison 4 - Greenville 3
TOP OF THE 6TH
Madison Bombers batting - Pitching for Greenville 84s : RHP Jing-xiang Fa
Batting: RHB Sergio Márquez 0-0: Ball
1-0: Ball
2-0: Ball
3-0: Called Strike
3-1: Ground out 5-3 (Groundball, 5)
Batting: RHB Quinton Martínez 0-0: Called Strike
0-1: Ball
1-1: Swinging Strike
1-2: Ball
2-2: Strikes out swinging
Batting: RHB Guo-xiu Choi 0-0: Called Strike
0-1: Ground out 5-3 (Groundball, 5S)
Top of the 6th over - 0 run(s), 0 hit(s), 0 error(s), 0 left on base; Madison 4 - Greenville 3
BOTTOM OF THE 6TH
Greenville 84s batting - Pitching for Madison Bombers : RHP Claudio Segura
Batting: LHB Brock Larsen 0-0: Ball
1-0: Reached on error, E3 (Groundball, 3)
Batting: LHB Jimmy Vickers 0-0: Called Strike
0-1: Ball
1-1: Ball
2-1: Fly out, F8 (Line Drive, 8LS)
Batting: LHB Kiyonaga Morita 0-0: Ball
1-0: Called Strike
Brock Larsen steals 2nd base
1-1: Swinging Strike
1-2: Ball
2-2: Ball
3-2: Foul Ball, location: 2F
3-2: Base on Balls
Batting: LHB José Costa 0-0: Reached on error, E1 (Groundball, 13)
Brock Larsen to third
Kiyonaga Morita to second
Batting: RHB Vic Langlois 0-0: Ball
1-0: Foul Ball, location: 2F
1-1: Fly out, F1 (Line Drive, 15)
Batting: RHB Sugita Ito 0-0: Ball
1-0: Fly out, F7 (Flyball, 78M)
Bottom of the 6th over - 0 run(s), 0 hit(s), 2 error(s), 3 left on base; Madison 4 - Greenville 3
TOP OF THE 7TH
Madison Bombers batting - Pitching for Greenville 84s : RHP Jing-xiang Fa
Batting: SHB Dave MacThomas 0-0: Called Strike
0-1: Ball
1-1: Ball
2-1: Foul Ball, location: 2F
2-2: Ball
3-2: Strikes out swinging
Batting: LHB Robin Hill 0-0: Ball
1-0: Ground out U3 (Groundball, 3S)
Batting: RHB Alonso Holguín 0-0: TRIPLE (Flyball, 89M)
Batting: LHB Seung-chun Mun 0-0: Ball
1-0: Ball
2-0: Ball
3-0: Called Strike
3-1: Base on Balls
Pitching: RHP Dave Johnston
Batting: RHB Vicente Aguirre 0-0: Ball
1-0: SINGLE (Line Drive, 6M)
Alonso Holguín scores
Seung-chun Mun to second
Batting: LHB Mike Callahan 0-0: Swinging Strike
0-1: Ball
1-1: Foul Ball, location: 2F
1-2: Strikes out swinging
Top of the 7th over - 1 run(s), 2 hit(s), 0 error(s), 2 left on base; Madison 5 - Greenville 3
BOTTOM OF THE 7TH
Greenville 84s batting - Pitching for Madison Bombers : RHP Claudio Segura
Pitching: RHP Ramiro Rivera
Batting: RHB Carlos Torres 0-0: SINGLE (Line Drive, 9LS)
Batting: LHB Chris Moore 0-0: Called Strike
0-1: Ball
1-1: Foul Ball, location: 2F
1-2: Ball
2-2: Strikes out swinging
Batting: RHB Enzo Díaz 0-0: Ball
1-0: Fly out, F8 (Flyball, 8LXD)
Batting: LHB Brock Larsen 0-0: Ball
Carlos Torres is caught stealing 2nd base
Bottom of the 7th over - 0 run(s), 1 hit(s), 0 error(s), 0 left on base; Madison 5 - Greenville 3
TOP OF THE 8TH
Madison Bombers batting - Pitching for Greenville 84s : RHP Dave Johnston
Batting: RHB Sergio Márquez 0-0: Ball
1-0: Ball
2-0: Ball
3-0: Called Strike
3-1: Called Strike
3-2: Foul Ball, location: 2F
3-2: Base on Balls
Batting: RHB Quinton Martínez 0-0: Ball
1-0: Sac Bunt - play at first, batter OUT! 1-4
Sergio Márquez to second
Pitching: RHP Pierre Deschênes
Batting: RHB Guo-xiu Choi 0-0: Ball
1-0: Ball
2-0: Ball
3-0: Called Strike
3-1: Ground out 2-3 (Groundball, 2R)
Sergio Márquez to third
Batting: SHB Dave MacThomas 0-0: Foul Ball, location: 2F
0-1: Called Strike
0-2: Ball
1-2: SINGLE (Line Drive, 34)
Sergio Márquez scores
Batting: LHB Robin Hill 0-0: Ball
1-0: Called Strike
1-1: Called Strike
1-2: Ball
2-2: Foul Ball, location: 2F
2-2: Fly out, F8 (Line Drive, 8LS)
Top of the 8th over - 1 run(s), 1 hit(s), 0 error(s), 1 left on base; Madison 6 - Greenville 3
BOTTOM OF THE 8TH
Greenville 84s batting - Pitching for Madison Bombers : RHP Ramiro Rivera
Batting: LHB Brock Larsen 0-0: Swinging Strike
0-1: Ground out 4-3 (Groundball, 4)
Batting: LHB Jimmy Vickers 0-0: Called Strike
0-1: Ball
1-1: DOUBLE (Flyball, 7LD)
Pitching: RHP Arturo Leal
Batting: LHB Kiyonaga Morita 0-0: Swinging Strike
0-1: Ball
1-1: DOUBLE (Flyball, 89D)
Jimmy Vickers scores
Pitching: LHP Dave Carbone
Batting: LHB José Costa 0-0: Fly out, F8 (Flyball, 8LD)
Runner from 2nd tags up, SAFE at 3rd, no throw
Pitching: RHP Arthur Green
Batting: RHB Vic Langlois 0-0: Ball
1-0: Ball
2-0: Swinging Strike
2-1: Ball
3-1: Foul Ball, location: 2F
3-2: Base on Balls
Batting: RHB Sugita Ito 0-0: Ball
1-0: Ground out 5-3 (Groundball, 56)
Bottom of the 8th over - 1 run(s), 2 hit(s), 0 error(s), 2 left on base; Madison 6 - Greenville 4
TOP OF THE 9TH
Madison Bombers batting - Pitching for Greenville 84s : RHP Pierre Deschênes
Batting: RHB Alonso Holguín 0-0: Called Strike
0-1: Swinging Strike
0-2: Ball
1-2: Strikes out swinging
Batting: LHB Seung-chun Mun 0-0: Ball
1-0: Foul Ball, location: 2F
1-1: Ball
2-1: Foul Ball, location: 2F
2-2: Ball
3-2: Strikes out swinging
Batting: RHB Vicente Aguirre 0-0: DOUBLE (Line Drive, 7LM)
Batting: LHB Mike Callahan 0-0: Called Strike
0-1: Ball
1-1: Foul Ball, location: 2F
1-2: Ground out 5-3 (Groundball, 15S)
Top of the 9th over - 0 run(s), 1 hit(s), 0 error(s), 1 left on base; Madison 6 - Greenville 4
BOTTOM OF THE 9TH
Greenville 84s batting - Pitching for Madison Bombers : RHP Arthur Green
Pitching: RHP Alonso Gallardo
Batting: RHB Carlos Torres 0-0: Called Strike
0-1: SINGLE (Line Drive, 56)
Batting: LHB Chris Moore 0-0: Called Strike
0-1: Ball
1-1: Ball
2-1: Foul Ball, location: 2F
2-2: Strikes out swinging
Batting: RHB Enzo Díaz 0-0: Foul Ball, location: 2F
0-1: Ball
1-1: Called Strike
1-2: Ball
2-2: Strikes out looking
Batting: LHB Brock Larsen 0-0: Foul Ball, location: 2F
0-1: Ball
1-1: SINGLE (Groundball, 4MD)
Carlos Torres to second
Batting: LHB Jimmy Vickers 0-0: Ball
1-0: Called Strike
1-1: Foul Ball, location: 2F
1-2: Ball
2-2: Foul Ball, location: 2F
2-2: Ground out 3-1 (Groundball, 34)
Bottom of the 9th over - 0 run(s), 2 hit(s), 0 error(s), 2 left on base; Madison 6 - Greenville 4
Monday, December 5th, 2016 - OOTP Baseball 17.12 Build 75